 Dungeon Crawl Stone Soup version 0.29.1-2-gbd0b4ee654 (webtiles) character file.

Game seed: 1583637440011253879

68 qeuew the Ducker (level 4, -5/34 HPs)
             Began as a Merfolk Gladiator on Nov 14, 2022.
             Slain by Terence
             ... wielding a +0 trident
              (7 damage)
             ... on level 3 of the Dungeon.
             The game lasted 00:02:58 (2256 turns).

qeuew the Ducker (Merfolk Gladiator)                Turns: 2256, Time: 00:02:59

Health: -5/34      AC:  4    Str: 16    XL:     4   Next: 19%
Magic:  4/4        EV: 11    Int:  7    God:
Gold:   129        SH:  0    Dex: 15    Spells: 3/3 levels left

rFire   . . .      SeeInvis .   a - +0 trident
rCold   . . .      Faith    .   (no shield)
rNeg    . . .      Spirit   .   b - +0 leather armour
rPois   .          Reflect  .   c - +0 helmet
rElec   .          Harm     .   (no cloak)
rCorr   .          Rampage  .   (no gloves)
Will    .....      Clarity  +   (no boots)
Stlth   +.........              (no amulet)
HPRegen 0.11/turn               h - +4 ring of evasion
MPRegen 0.09/turn               (no ring)

@: held, unable to drink
A: (nimble swimmer 2), mertail, clarity, inability to drink after injury 1
a: no special abilities


You were on level 3 of the Dungeon.
You visited 1 branch of the dungeon, and saw 3 of its levels.

You collected 129 gold pieces.

Inventory:

Hand Weapons
 a - a +0 trident (weapon)
Missiles
 d - a throwing net (quivered)
Armour
 b - a +0 leather armour (worn)
 c - a +0 helmet (worn)
Jewellery
 h - a +4 ring of evasion (left hand)
 i - an amulet of reflection
Wands
 g - a wand of paralysis (3)
Potions
 f - a potion of curing


   Skills:
 + Level 2.8 Fighting
 + Level 4.5 Polearms
 + Level 2.5 Throwing
 + Level 0.9 Armour
 + Level 4.5 Dodging
 + Level 0.9 Evocations


You had 3 spell levels left.
You didn't know any spells.
Your spell library contained the following spells:

 Spells                   Type           Power      Damage    Failure   Level
 Ozocubu's Armour         Ice            0%         N/A       86%         3
 Ozocubu's Refrigeration  Ice            0%         4d7       100%        7


Dungeon Overview and Level Annotations

Branches:
Dungeon (3/15)

Altars:

Annotations:
D:2 1 runed translucent door, Crazy Yiuf
D:3 Terence


Innate Abilities, Weirdness & Mutations

((You are very nimble when in or above water. (Stealth+, EV+, Speed+++)))
Your lower body shifts to a powerful aquatic tail in water.
You possess an exceptional clarity of mind.
You occasionally lose the ability to drink potions when taking damage.


Message History

The gnoll is almost dead.
The javelin pierces through the gnoll.
The gnoll is lightly wounded.
The gnoll misses you.
You hear a zap.
You hear a grinding noise.
You hit the gnoll.
You kill the gnoll!
You have reached level 4!
You completely miss the gnoll.
The gnoll is almost dead.
The gnoll completely misses you. x2
Unknown command.
You completely miss the gnoll.
The gnoll is almost dead.
The gnoll barely misses you. The gnoll closely misses you.
You hit the gnoll.
You kill the gnoll!
The gnoll misses you.
Terence hits you from afar with a +0 trident!
You feel threatened and lose the ability to drink potions!
Unknown command.
Throw: 2 throwing nets
Press: ? - help, Q - select action, (/) - cycle Shift-Dir - straight line, f - Terence
Aim: Terence, wielding a +0 trident, wearing a +0 chain mail and carrying a wand of digging (2) (68% to hit)
You throw a throwing net. The throwing net barely misses Terence.
The gnoll throws a throwing net.
The throwing net hits you.
You become entangled in the net!
Terence barely misses you.
You cannot throw/fire anything while held in a net.
Unknown command.
You struggle against the net.
The gnoll hits you from afar with a +0 spear!
* * * LOW HITPOINT WARNING * * *
Terence closely misses you.
You struggle against the net.
The gnoll barely misses you. Terence hits you but does no damage.
You struggle against the net.
The gnoll hits you from afar with a +0 spear.
* * * LOW HITPOINT WARNING * * *
Terence hits you from afar with a +0 trident!
You die...

#..........########.#.
+....(................
#.........####g...###.
##.......## ##.....(.
##.....## ##.#####
##...#.# #.# ##g#.#
#.# #).# #.# #@# # #g#
#..# #.. #g# #@...
#...# #.#
.............##.#
................g#
..(.###.#........###
#### #.#.#...##.
........ .. ≈ ≈..


You could see Terence and a gnoll.

Vanquished Creatures
  2 gnolls (D:3)
  2 adders
  A worm (D:2)
  A dart slug (D:2)
  2 ball pythons
  2 bats
  An endoplasm (D:2)
  3 goblins
  3 hobgoblins
  2 jackals (D:1)
  3 quokkas
  A frilled lizard (D:3)
  3 rats
26 creatures vanquished.

Notes
Turn   | Place    | Note
-------+----------+-------------------------------------------
     0 | D:1      | qeuew the Merfolk Gladiator began the quest for the Orb.
     0 | D:1      | Reached XP level 1. HP: 16/16 MP: 1/1
   225 | D:1      | Reached XP level 2. HP: 23/23 MP: 2/2
   754 | D:1      | Gained mutation: You possess an exceptional clarity of
                  | mind. [potion of mutation]
   754 | D:1      | Gained mutation: You occasionally lose the ability to drink
                  | potions when taking damage. [potion of mutation]
  1101 | D:2      | Reached XP level 3. HP: 25/28 MP: 3/3
  1704 | D:2      | Found a runed translucent door.
  1705 | D:2      | Noticed Crazy Yiuf
  2245 | D:3      | Noticed Terence
  2250 | D:3      | Reached XP level 4. HP: 21/34 MP: 4/4
  2256 | D:3      | Slain by Terence

Illustrated notes

Levels and vault maps discovered:
D:1:      psy_arrival_dodecagon, layout_loops_ring
D:2:      layout_basic, serial_rivers, chequers_serial_rivers_micro_a,
          chequers_serial_rivers_micro_d, chequers_serial_rivers_micro_a,
          chequers_serial_rivers_room_b, uniq_crazy_yiuf_cottage
D:3:      minmay_octagon_keep, layout_loops_corners,
          mainiacjoe_overflow_brackets, minivault_27, uniq_terence

Action                   |  1- 3 |  4- 6 || total
-------------------------+-------+-------++-------
Melee: Trident           |   100 |     3 ||   103
       Punch             |     1 |       ||     1
Throw: Throwing net      |     1 |     1 ||     2
       Javelin           |     1 |       ||     1
  Use: Potion            |     6 |       ||     6
       Scroll            |     1 |       ||     1
 Stab: Sleeping          |     3 |       ||     3
Armor: Leather armour    |    16 |     1 ||    17
Dodge: Dodged            |    89 |     8 ||    97
